Workbook
Name _____EQP1: #REF!
Name _____EQP1: #REF!
Name _____EQP10: #REF!
Name _____EQP11: #REF!
Name _____EQP12: #REF!
Name _____EQP13: #REF!
Name _____EQP14: #REF!
Name _____EQP15: #REF!
Name _____EQP16: #REF!
Name _____EQP17: #REF!
Name _____EQP18: #REF!
Name _____EQP19: #REF!
Name _____EQP2: #REF!
Name _____EQP20: #REF!
Name _____EQP3: #REF!
Name _____EQP4: #REF!
Name _____EQP5: #REF!
Name _____EQP6: #REF!
Name _____EQP7: #REF!
Name _____EQP8: #REF!
Name _____EQP9: #REF!
Name _____MAT1: #REF!
Name _____MAT10: #REF!
Name _____MAT11: #REF!
Name _____MAT12: #REF!
Name _____MAT13: #REF!
Name _____MAT14: #REF!
Name _____MAT15: #REF!
Name _____MAT16: #REF!
Name _____MAT17: #REF!
Name _____MAT18: #REF!
Name _____MAT19: #REF!
Name _____MAT2: #REF!
Name _____MAT20: #REF!
Name _____MAT21: #REF!
Name _____MAT22: #REF!
Name _____MAT23: #REF!
Name _____MAT24: #REF!
Name _____MAT25: #REF!
Name _____MAT26: #REF!
Name _____MAT27: #REF!
Name _____MAT28: #REF!
Name _____MAT29: #REF!
Name _____MAT3: #REF!
Name _____MAT30: #REF!
Name _____MAT31: #REF!
Name _____MAT32: #REF!
Name _____MAT33: #REF!
Name _____MAT34: #REF!
Name _____MAT35: #REF!
Name _____MAT36: #REF!
Name _____MAT37: #REF!
Name _____MAT4: #REF!
Name _____MAT5: #REF!
Name _____MAT6: #REF!
Name _____MAT7: #REF!
Name _____MAT8: #REF!
Name _____MAT9: #REF!
Name _____MO1: #REF!
Name _____MO10: #REF!

Sheet PRESUPUESTO (2)
A3: SECRETARIA DE PLANEACIÓN Y OBRAS PÚBLICAS MUNICIPAL
A6: PRESUPUESTO GENERAL
A7: OBJETO: “MEJORAMIENTO Y ADECUACIÓN DE LA INFRAESTRUCTURA ARTÍSTICA Y CULTURAL EN EL MUNICIPIO DE CRAVO NORTE, ARAUCA”
A9: ITEM | B9: DESCRIPCIÓN | C9: CONDICIONES CONTRACTUALES
C10: UND | D10: CANT. | E10: PRECIO UNITARIO | F10: VALOR TOTAL
A11: 1 | B11: DESMONTE DE CIELORRASO EN PVC INCLUYE ESTRUCTURA DE SOPORTE | C11: M2 | D11: ='1.0 DESM CIELORRA'!AH13 -> 118.93 | E11: 30363.39 | F11: =ROUND(D11*E11,2) -> 3611118
A12: 2 | B12: CIELORRASO EN LAMINA PVC CON ESTRUCTURA DE SOPORTE DE 1 PULG. CAL. 26- INCLUYE CORNIZA.( Incluye suministro e Instalación) | C12: M2 | D12: ='2.0 CIELORRASO'!AH13 -> 118.93 | E12: 107323 | F12: =ROUND(D12*E12,2) -> 12763924
A13: 3 | B13: LAMPARA LED PANEL DE 11 PULG. DE 24 W. DE INCRUSTAR-INSTALADA | C13: UND | D13: ='3.0 LUMINARIA'!AH12 -> 36 | E13: =+APU!I162 -> 184033 | F13: =ROUND(D13*E13,2) -> 6625188
A14: 4 | B14: VIDRIO LISO BLANCO DE 4MM-INCLUYE INSTALACIÓN | C14: M2 | D14: =+'4.0 VIDRIO'!AH22 -> 9.04 | E14: =+APU!I220 -> 142764 | F14: =ROUND(D14*E14,2) -> 1290586.6
A15: 5 | B15: AIRE ACONDICIONADO TIPO SPLIT 12000 BTU-(Incluye suministro e instalación) | C15: UND | D15: =+'5.0 AIRE ACO'!AH12 -> 1 | E15: 2900626.1 | F15: =ROUND(D15*E15,2) -> 2900626.1
B16: MITIGACION AMBIENTAL
B17: MITIGACION AMBIENTAL | C17: GLB | D17: 1 | E17: 341003.51 | F17: =D17*E17 -> 341003.51 | G17: =+F17+F33 -> 5402897
A18: COSTO TOTAL | F18: =SUM(F11:F17) -> 27532446 | G18: =+F18*0.01 -> 275324.46
A19: RUBRO: 2.3.2.01.01.001.02.07.01.02.01.01. Mejoramiento y adecuacion de la infraestructura artistica y cultural en el municipio de cravo norte. PRODUCTO: 3301068. FUENTE: 1.2.4.3.02. | G19: =+E17-G18 -> 65679.045 | H19: =+F17-250000 -> 91003.51
A20: VALOR TOTAL DEL PROYECTO: TREINTA Y DOS MILLONES QUINIENTOS NOVENTA Y CUATRO MIL TRESCIENTOS CUARENTA PESOS ($32.594.340,00) M/CTE.
A23: Revisó y Aprobó: ING. JULIO CESAR DELGADO ALARCON. Secretario de Planeacion y Obras Publicas
A26: Proyectó y Digitó:
A27: Ing. Alder Rivera Romero Prof. Apoyo Cps No 155-2026
F32: 32594340
F33: =+F32-F18 -> 5061893.5

Sheet PRESUPUESTO
A3: SECRETARIA DE PLANEACIÓN Y OBRAS PÚBLICAS MUNICIPAL
A6: PRESUPUESTO GENERAL
A7: OBJETO: “MEJORAMIENTO Y ADECUACIÓN DE LA INFRAESTRUCTURA ARTÍSTICA Y CULTURAL EN EL MUNICIPIO DE CRAVO NORTE, ARAUCA”
A9: ITEM | B9: DESCRIPCIÓN | C9: CONDICIONES CONTRACTUALES
C10: UND | D10: CANT. | E10: PRECIO UNITARIO | F10: VALOR TOTAL
A11: 1 | B11: DESMONTE DE CIELORRASO EN PVC INCLUYE ESTRUCTURA DE SOPORTE | C11: M2 | D11: ='1.0 DESM CIELORRA'!AH13 -> 118.93 | E11: =APU!I43 -> 31962 | F11: =ROUND(D11*E11,2) -> 3801240.7
A12: 2 | B12: CIELORRASO EN LAMINA PVC CON ESTRUCTURA DE SOPORTE DE 1 PULG. CAL. 26- INCLUYE CORNIZA.( Incluye suministro e Instalación) | C12: M2 | D12: ='2.0 CIELORRASO'!AH13 -> 118.93 | E12: =APU!I102 -> 147439 | F12: =ROUND(D12*E12,2) -> 17534920
A13: 3 | B13: LAMPARA LED PANEL DE 11 PULG. DE 24 W. DE INCRUSTAR-INSTALADA | C13: UND | D13: ='3.0 LUMINARIA'!AH12 -> 36 | E13: =+APU!I162 -> 184033 | F13: =ROUND(D13*E13,2) -> 6625188
A14: 4 | B14: VIDRIO LISO BLANCO DE 4MM-INCLUYE INSTALACIÓN | C14: M2 | D14: =+'4.0 VIDRIO'!AH22 -> 9.04 | E14: =+APU!I220 -> 142764 | F14: =ROUND(D14*E14,2) -> 1290586.6
A15: 5 | B15: AIRE ACONDICIONADO TIPO SPLIT 12000 BTU-(Incluye suministro e instalación) | C15: UND | D15: =+'5.0 AIRE ACO'!AH12 -> 1 | E15: =+APU!I280 -> 3001401 | F15: =ROUND(D15*E15,2) -> 3001401
B16: MITIGACION AMBIENTAL
B17: MITIGACION AMBIENTAL | C17: GLB | D17: 1 | E17: 341003.51 | F17: =D17*E17 -> 341003.51 | G17: =+F17+F33 -> 341003.51
A18: COSTO TOTAL | F18: =SUM(F11:F17) -> 32594340 | G18: =+F18*0.01 -> 325943.4
A19: RUBRO: 2.3.2.01.01.001.02.07.01.02.01.01. Mejoramiento y adecuacion de la infraestructura artistica y cultural en el municipio de cravo norte. PRODUCTO: 3301068. FUENTE: 1.2.4.3.02. | G19: =+E17-G18 -> 15060.11 | H19: =+F17-250000 -> 91003.51
A20: VALOR TOTAL DEL PROYECTO: TREINTA Y DOS MILLONES QUINIENTOS NOVENTA Y CUATRO MIL TRESCIENTOS CUARENTA PESOS ($32.594.340,00) M/CTE.
A23: Revisó y Aprobó: ING. JULIO CESAR DELGADO ALARCON. Secretario de Planeacion y Obras Publicas
A26: Proyectó y Digitó:
A27: Ing. Alder Rivera Romero Prof. Apoyo Cps No 155-2026
F32: 32594340
F33: =+F32-F18 -> 0

Sheet APU
A1: DEPARTAMENTO DE ARAUCA | J1: OBRERO | K1: 66984
A2: ALCALDIA DE CRAVO NORTE | J2: OFICIAL | K2: 87079
J3: SOLDADOR | K3: 96140
A4: ANÁLISIS DE PRECIO UNITARIO | J4: AYUDANTE DE SOLDADOR | K4: =47450*1.23 -> 58363.5
J5: TECNICO ELECTRICISTA | K5: 131094
A6: =PRESUPUESTO!A7 -> OBJETO: “MEJORAMIENTO Y ADECUACIÓN DE LA INFRAESTRUCTURA ARTÍSTICA Y CULTURAL EN EL MUNICIPIO DE CRAVO NORTE, ARAUCA”
A8: PROPONENTE:
A9: ÍTEM: | B9: =PRESUPUESTO!A11 -> 1 | C9: =PRESUPUESTO!B11 -> DESMONTE DE CIELORRASO EN PVC INCLUYE ESTRUCTURA DE SOPORTE
A10: UNIDAD: | B10: =PRESUPUESTO!C11 -> M2
A12: I. EQUIPO
A13: DESCRIPCIÓN | B13: TIPO | C13: No | D13: TARIFA/DÍA | F13: RENDIMIENTO | H13: VR. UNITARIO
A14: HERRAMIENTA MENOR | D14: =I35 -> 21522.997 | F14: 0.1 | H14: =+D14*F14 -> 2152.2997
A18: SUBTOTAL | I18: =SUM(H14:H18) -> 2152.2997
A19: II. MATERIALES EN OBRA
A20: DESCRIPCIÓN | B20: UNIDAD | D20: PRECIO UNITARIO | F20: CANTIDAD | H20: VR.UNITARIO
D25: DESPERDICIO | F25: 0.05 | H25: =F25*(SUM(H21:H21)) -> 0
A26: SUBTOTAL | I26: =SUM(H21:H25) -> 0
A27: III. TRANSPORTES
A28: CONCEPTO | B28: M3-TON-KM | D28: TARIFA | F28: REND | H28: VR. UNITARIO
A30: SUB TOTAL | I30: =SUM(H29:H30) -> 0
A31: IV. MANO DE OBRA
A32: TRABAJADOR | B32: JORNAL | D32: %PRES | E32: JORNAL TOTAL | G32: REND. | H32: VR. UNITARIO
A33: OBRERO (2) | B33: =+$K$1*2 -> 133968 | C33: 85840 | D33: 85 | E33: =+B33*(1+D33/100) -> 247840.8 | G33: 19 | H33: =+E33/G33 -> 13044.253
A34: OFICIAL (1) | B34: =+$K$2 -> 87079 | D34: 85 | E34: =+B34*(1+D34/100) -> 161096.15 | G34: =G33 -> 19 | H34: =+E34/G34 -> 8478.7447
A35: SUB TOTAL | I35: =SUM(H33:H34) -> 21522.997
F36: TOTAL COSTO DIRECTO | I36: =+I35+I30+I26+I18 -> 23675.297
A37: V. COSTOS INDIRECTOS
A38: ADMINISTRACION 27% | B38: IMPREVISTOS 1% | E38: UTILIDADES 7% | G38: TOTAL 35% | I38: =+I36*35% -> 8286.354
F41: TOTAL COSTO INDIRECTO | I41: =+I38+I39 -> 8286.354
B43: PRECIO UNITARIO TOTAL APROXIMADO AL PESO | I43: =ROUND(SUM(I36+I41),0) -> 31962 | J43: 27853
A45: Revisó y Aprobo:
A47: ING. JULIO CESAR DELGADO ALARCON
A48: SECRETARIO DE PLANEACION Y OBRAS PUBLICAS MUNICIPAL
A51: Proyectó y Digitó:
A52: =+PRESUPUESTO!$A$27 -> Ing. Alder Rivera Romero Prof. Apoyo Cps No 155-2026
A55: DEPARTAMENTO DE ARAUCA
A56: ALCALDIA DE CRAVO NORTE
A58: ANÁLISIS DE PRECIO UNITARIO
A60: =PRESUPUESTO!A7 -> OBJETO: “MEJORAMIENTO Y ADECUACIÓN DE LA INFRAESTRUCTURA ARTÍSTICA Y CULTURAL EN EL MUNICIPIO DE CRAVO NORTE, ARAUCA”
A62: PROPONENTE:
A63: ÍTEM: | B63: =PRESUPUESTO!A12 -> 2 | C63: =PRESUPUESTO!B12 -> CIELORRASO EN LAMINA PVC CON ESTRUCTURA DE SOPORTE DE 1 PULG. CAL. 26- INCLUYE CORNIZA.( Incluye suministro e Instalación)
A64: UNIDAD: | B64: =PRESUPUESTO!C12 -> M2
A66: I. EQUIPO
A67: DESCRIPCIÓN | B67: TIPO | C67: No | D67: TARIFA/DÍA | F67: RENDIMIENTO | H67: VR. UNITARIO
A68: HERRAMIENTA MENOR | D68: =I94 -> 24784.058 | F68: 0.1 | H68: =+D68*F68 -> 2478.4058
A69: ANDAMIO TUBULAR | B69: DIA | D69: 2069.2 | F69: =G92 -> 16.5 | H69: =D69/F69 -> 125.40606
A72: SUBTOTAL | I72: =SUM(H68:H72) -> 2603.8118
A73: II. MATERIALES EN OBRA
A74: DESCRIPCIÓN | B74: UNIDAD | D74: PRECIO UNITARIO | F74: CANTIDAD | H74: VR.UNITARIO
A75: CORNIZA EN PVC | B75: M | D75: 5500 | F75: 2.5 | H75: =D75*F75 -> 13750
A76: ANGULO GALVANIZADO 1*1 PULG. 2.44 M. | B76: M | D76: 1889 | F76: 2.5 | H76: =D76*F76 -> 4722.5
A77: LAMINA DE PVC PARA C IELORRASO DE 0.30*5.95*8 MM.CAL.24 | B77: M2 | D77: 21662 | F77: 1 | H77: =D77*F77 -> 21662
A78: PUNTILLA DE ACERO | B78: LB | D78: 13178 | F78: 0.02 | H78: =D78*F78 -> 263.56
A79: OMEGA GALVANIZADA 2.44 M. | B79: UND | D79: 2660 | F79: 2 | H79: =D79*F79 -> 5320
A80: VIGUETA GALVANIZADA 2.44 M. | B80: UND | D80: 2810.5 | F80: 2 | H80: =D80*F80 -> 5621
A81: TORNILLO CORTO DE ESTRUCTURA | B81: UND | D81: 31.5 | F81: 30 | H81: =D81*F81 -> 945
D83: DESPERDICIO | F83: 0.05 | H83: =F83*(SUM(H75:H81)) -> 2614.203
A84: SUBTOTAL | I84: =SUM(H75:H83) -> 54898.263
A85: III. TRANSPORTES
A86: CONCEPTO | B86: M3-TON-KM | D86: TARIFA | F86: DISTANCIA (KM) | H86: TARIFA
A87: Transporte Materiales Arauca - Arauca Via Pavimentada | B87: 0.17 | D87: 1000 | F87: 60 | H87: =B87*D87*F87 -> 10200
A88: Transporte Materiales Arauca - Arauca Via Pavimentada | B88: =B87 -> 0.17 | D88: 1200 | F88: 82 | H88: =B88*D88*F88 -> 16728
A89: SUB TOTAL | I89: =SUM(H87:H88) -> 26928
A90: IV. MANO DE OBRA
A91: TRABAJADOR | B91: JORNAL | D91: %PRES | E91: JORNAL TOTAL | G91: REND. | H91: VR. UNITARIO
A92: OBRERO (1) | B92: =+$K$1*2 -> 133968 | C92: 85840 | D92: 85 | E92: =+B92*(1+D92/100) -> 247840.8 | G92: 16.5 | H92: =+E92/G92 -> 15020.655
A93: OFICIAL (1) | B93: =+$K$2 -> 87079 | D93: 85 | E93: =+B93*(1+D93/100) -> 161096.15 | G93: =+G92 -> 16.5 | H93: =+E93/G93 -> 9763.403
A94: SUB TOTAL | I94: =SUM(H92:H93) -> 24784.058
F95: TOTAL COSTO DIRECTO | I95: =+I94+I89+I84+I72 -> 109214.13
A96: V. COSTOS INDIRECTOS
A97: ADMINISTRACION 27% | B97: IMPREVISTOS 1% | E97: UTILIDADES 7% | G97: TOTAL 35% | I97: =+I95*35% -> 38224.946
F100: TOTAL COSTO INDIRECTO | I100: =+I97+I98 -> 38224.946
B102: PRECIO UNITARIO TOTAL APROXIMADO AL PESO | I102: =ROUND(SUM(I95+I100),0) -> 147439 | J102: 138706
A104: Revisó y Aprobo:
A106: ING. JULIO CESAR DELGADO ALARCON
A107: SECRETARIO DE PLANEACION Y OBRAS PUBLICAS MUNICIPAL
A110: Proyectó y Digitó:
A111: =+PRESUPUESTO!$A$27 -> Ing. Alder Rivera Romero Prof. Apoyo Cps No 155-2026
A114: DEPARTAMENTO DE ARAUCA
A115: ALCALDIA DE CRAVO NORTE
A117: ANÁLISIS DE PRECIO UNITARIO
A119: =PRESUPUESTO!A7 -> OBJETO: “MEJORAMIENTO Y ADECUACIÓN DE LA INFRAESTRUCTURA ARTÍSTICA Y CULTURAL EN EL MUNICIPIO DE CRAVO NORTE, ARAUCA”
A121: PROPONENTE:
A122: ÍTEM: | B122: =PRESUPUESTO!A13 -> 3 | C122: =PRESUPUESTO!B13 -> LAMPARA LED PANEL DE 11 PULG. DE 24 W. DE INCRUSTAR-INSTALADA
A123: UNIDAD: | B123: =PRESUPUESTO!C13 -> UND
A125: I. EQUIPO
A126: DESCRIPCIÓN | B126: TIPO | C126: No | D126: TARIFA/DÍA | F126: RENDIMIENTO | H126: VR. UNITARIO
A127: HERRAMIENTA MENOR | D127: =I154 -> 30315.488 | F127: 0.1 | H127: =+D127*F127 -> 3031.5488
A131: SUBTOTAL | I131: =SUM(H127:H131) -> 3031.5488
A132: II. MATERIALES EN OBRA
A133: DESCRIPCIÓN | B133: UNIDAD | D133: PRECIO UNITARIO | F133: CANTIDAD | H133: VR.UNITARIO
A134: LAMPARA LED PANEL 11 PULG. 24W. DE INCRUSTAR | B134: UNIDAD | D134: 102974 | F134: 1 | H134: =D134*F134 -> 102974
D142: DESPERDICIO | F142: 0.05
A143: SUBTOTAL | I143: =SUM(H134:H142) -> 102974
A144: III. TRANSPORTES
A145: CONCEPTO | B145: M3-TON-KM | D145: TARIFA | F145: DISTANCIA (KM) | H145: TARIFA
A148: SUB TOTAL | I148: =SUM(H146:H147) -> 0
A149: IV. MANO DE OBRA
A150: TRABAJADOR | B150: JORNAL | D150: %PRES | E150: JORNAL TOTAL | G150: REND. | H150: VR. UNITARIO
A151: TECNICO ELECTRICISTA | B151: =+$K$5 -> 131094 | C151: 85840 | D151: 85 | E151: =+B151*(1+D151/100) -> 242523.9 | G151: 8 | H151: =+E151/G151 -> 30315.488
...

Sheet Cronograma 
B1: DEPARTAMENTO DE ARAUCA
B2: MUNICIPIO DE CRAVO NORTE
B3: SECRETARIA DE PLANEACION Y OBRAS PÚBLICAS
B5: CRONOGRAMA DE ACTIVIDADES
B6: =PRESUPUESTO!A7 -> OBJETO: “MEJORAMIENTO Y ADECUACIÓN DE LA INFRAESTRUCTURA ARTÍSTICA Y CULTURAL EN EL MUNICIPIO DE CRAVO NORTE, ARAUCA”
B7: ITEM | C7: DESCRIPCIÓN | D7: UNIDAD | E7: CANTIDAD | F7: DIAS
F8: DIA 1 | G8: DIA 2 | H8: DIA 3 | I8: DIA 4 | J8: DIA 5 | K8: DIA 6 | L8: DIA 7 | M8: DIA 8 | N8: DIA 9 | O8: DIA 10 | P8: DIA 11 | Q8: DIA 12 | R8: DIA 13 | S8: DIA 14 | T8: DIA 15 | U8: DIA 16 | V8: DIA 17 | W8: DIA 18 | X8: DIA 19 | Y8: DIA 20 | Z8: DIA 21 | AA8: DIA 22 | AB8: DIA 23 | AC8: DIA 24 | AD8: DIA 25 | AE8: DIA 26 | AF8: DIA 27 | AG8: DIA 28 | AH8: DIA 29 | AI8: DIA 30
B9: =PRESUPUESTO!A11 -> 1 | C9: =PRESUPUESTO!B11 -> DESMONTE DE CIELORRASO EN PVC INCLUYE ESTRUCTURA DE SOPORTE | D9: =PRESUPUESTO!C11 -> M2 | E9: =PRESUPUESTO!D11 -> 118.93
B10: =PRESUPUESTO!A12 -> 2 | C10: =PRESUPUESTO!B12 -> CIELORRASO EN LAMINA PVC CON ESTRUCTURA DE SOPORTE DE 1 PULG. CAL. 26- INCLUYE CORNIZA.( Incluye suministro e Instalación) | D10: =PRESUPUESTO!C12 -> M2 | E10: =PRESUPUESTO!D12 -> 118.93
B11: =PRESUPUESTO!A13 -> 3 | C11: =PRESUPUESTO!B13 -> LAMPARA LED PANEL DE 11 PULG. DE 24 W. DE INCRUSTAR-INSTALADA | D11: =PRESUPUESTO!C13 -> UND | E11: =PRESUPUESTO!D13 -> 36
B12: =PRESUPUESTO!A14 -> 4 | C12: =PRESUPUESTO!B14 -> VIDRIO LISO BLANCO DE 4MM-INCLUYE INSTALACIÓN | D12: =PRESUPUESTO!C14 -> M2 | E12: =PRESUPUESTO!D14 -> 9.04
B13: =+PRESUPUESTO!A15 -> 5 | C13: =+PRESUPUESTO!B15 -> AIRE ACONDICIONADO TIPO SPLIT 12000 BTU-(Incluye suministro e instalación) | D13: =+PRESUPUESTO!C15 -> UND | E13: =+PRESUPUESTO!D15 -> 1
C14: =PRESUPUESTO!B16 -> MITIGACION AMBIENTAL
C15: =PRESUPUESTO!B17 -> MITIGACION AMBIENTAL | D15: =PRESUPUESTO!C17 -> GLB | E15: =PRESUPUESTO!D17 -> 1
B18: Reviso y aprobo: ING. JULIO CESAR DELGADO ALARCON. Secretario de Planecion y Obras Publicas
B19: Proyectó y Digitó:
B20: =+PRESUPUESTO!A27 -> Ing. Alder Rivera Romero Prof. Apoyo Cps No 155-2026

Sheet 1.0 DESM CIELORRA
A1: MEMORIAS DE CALCULO CANTIDADES DE OBRA
A5: OBJETO DEL PROYECTO | I5: =PRESUPUESTO!A7 -> OBJETO: “MEJORAMIENTO Y ADECUACIÓN DE LA INFRAESTRUCTURA ARTÍSTICA Y CULTURAL EN EL MUNICIPIO DE CRAVO NORTE, ARAUCA”
A6: UNIDAD GESTORA | I6: SECRETARIA DE PLANEACION Y OBRAS PUBLICAS MUNICIPAL | X6: CAPITULO:
A8: SUBCAPÍTULO | Q8: ÍTEM No. | U8: =PRESUPUESTO!A11 -> 1 | X8: =PRESUPUESTO!B11 -> DESMONTE DE CIELORRASO EN PVC INCLUYE ESTRUCTURA DE SOPORTE | AF8: UNID. | AH8: =PRESUPUESTO!C11 -> M2
X9: UBICACIÓN | AD9: LONG | AF9: ANCHO | AH9: AREA TOTAL M2
X11: Aula 1 | AD11: 11.9 | AF11: 6.7 | AH11: =ROUND(AD11*AF11,2) -> 79.73
X12: Aula 2 | AD12: 5.85 | AF12: 6.7 | AH12: =ROUND(AD12*AF12,2) -> 39.2
X13: SUB TOTAL | AH13: =ROUND(SUM(AH11:AH12),2) -> 118.93
A14: Reviso y aprobo Unidad Ejecutora:
A16: ING. JULIO CESAR DELGADO ALARCON.
A17: SECRETARIO DE PLANEACION Y OBRAS PUBLICAS
A19: Proyectó y Digitó:
A20: =+PRESUPUESTO!A27 -> Ing. Alder Rivera Romero Prof. Apoyo Cps No 155-2026

Sheet 2.0 CIELORRASO
A1: MEMORIAS DE CALCULO CANTIDADES DE OBRA
A5: OBJETO DEL PROYECTO | I5: =PRESUPUESTO!A7 -> OBJETO: “MEJORAMIENTO Y ADECUACIÓN DE LA INFRAESTRUCTURA ARTÍSTICA Y CULTURAL EN EL MUNICIPIO DE CRAVO NORTE, ARAUCA”
A6: UNIDAD GESTORA | I6: SECRETARIA DE PLANEACION Y OBRAS PUBLICAS MUNICIPAL | X6: CAPITULO:
A8: SUBCAPÍTULO | Q8: ÍTEM No. | U8: =PRESUPUESTO!A12 -> 2 | X8: =PRESUPUESTO!B12 -> CIELORRASO EN LAMINA PVC CON ESTRUCTURA DE SOPORTE DE 1 PULG. CAL. 26- INCLUYE CORNIZA.( Incluye suministro e Instalación) | AF8: UNID. | AH8: =PRESUPUESTO!C12 -> M2
X9: UBICACIÓN | AD9: LONG | AF9: ANCHO | AH9: AREA TOTAL M2
X11: Aula 1 | AD11: =(11.9) -> 11.9 | AF11: 6.7 | AH11: =ROUND(AD11*AF11,2) -> 79.73
X12: Aula 2 | AD12: =5.85 -> 5.85 | AF12: 6.7 | AH12: =ROUND(AD12*AF12,2) -> 39.2
X13: SUB TOTAL | AH13: =ROUND(SUM(AH11:AH12),2) -> 118.93 | AI13: 118.93
A14: Reviso y aprobo Unidad Ejecutora:
A16: ING. JULIO CESAR DELGADO ALARCON.
A17: SECRETARIO DE PLANEACION Y OBRAS PUBLICAS
A19: Proyectó y Digitó:
A20: =+PRESUPUESTO!A27 -> Ing. Alder Rivera Romero Prof. Apoyo Cps No 155-2026

Sheet 3.0 LUMINARIA
A1: MEMORIAS DE CALCULO CANTIDADES DE OBRA
A5: OBJETO DEL PROYECTO | I5: =PRESUPUESTO!A7 -> OBJETO: “MEJORAMIENTO Y ADECUACIÓN DE LA INFRAESTRUCTURA ARTÍSTICA Y CULTURAL EN EL MUNICIPIO DE CRAVO NORTE, ARAUCA”
A6: UNIDAD GESTORA | I6: SECRETARIA DE PLANEACION Y OBRAS PUBLICAS MUNICIPAL | X6: CAPITULO:
A8: SUBCAPÍTULO | Q8: ÍTEM No. | U8: =PRESUPUESTO!A13 -> 3 | X8: =PRESUPUESTO!B13 -> LAMPARA LED PANEL DE 11 PULG. DE 24 W. DE INCRUSTAR-INSTALADA | AF8: UNID. | AH8: =PRESUPUESTO!C13 -> UND
X9: UBICACIÓN | AD9: CANTIDAD | AH9: LONGITUD TOTAL ML
X11: CASA DE LA CULTURA | AD11: 36 | AH11: =AD11 -> 36
X12: SUB TOTAL | AH12: =ROUND(SUM(AH11:AH11),2) -> 36
A13: Reviso y aprobo Unidad Ejecutora:
A15: ING. JULIO CESAR DELGADO ALARCON.
A16: SECRETARIO DE PLANEACION Y OBRAS PUBLICAS
A18: Proyectó y Digitó:
A19: =+PRESUPUESTO!A27 -> Ing. Alder Rivera Romero Prof. Apoyo Cps No 155-2026

Sheet 4.0 VIDRIO
A1: MEMORIAS DE CALCULO CANTIDADES DE OBRA
A5: OBJETO DEL PROYECTO | I5: =PRESUPUESTO!A7 -> OBJETO: “MEJORAMIENTO Y ADECUACIÓN DE LA INFRAESTRUCTURA ARTÍSTICA Y CULTURAL EN EL MUNICIPIO DE CRAVO NORTE, ARAUCA”
A6: UNIDAD GESTORA | I6: SECRETARIA DE PLANEACION Y OBRAS PUBLICAS MUNICIPAL | X6: CAPITULO:
A8: SUBCAPÍTULO | Q8: ÍTEM No. | U8: =PRESUPUESTO!A14 -> 4 | X8: =PRESUPUESTO!B14 -> VIDRIO LISO BLANCO DE 4MM-INCLUYE INSTALACIÓN | AF8: UNID. | AH8: =PRESUPUESTO!C14 -> M2
X9: UBICACIÓN | AD9: LONG | AF9: ANCHO | AH9: LONGITUD TOTAL ML
X11: CASA DE LA CULTURA | AD11: 1.2 | AF11: 0.93 | AH11: =AD11*AF11 -> 1.116
AD12: 1.2 | AF12: 0.93 | AH12: =AD12*AF12 -> 1.116
AD13: 0.8 | AF13: 0.96 | AH13: =AD13*AF13 -> 0.768
AD14: 0.82 | AF14: 0.95 | AH14: =AD14*AF14 -> 0.779
AD15: 0.47 | AF15: 0.9 | AH15: =AD15*AF15 -> 0.423
AD16: 0.89 | AF16: 1 | AH16: =AD16*AF16 -> 0.89
AD17: 0.82 | AF17: 0.96 | AH17: =AD17*AF17 -> 0.7872
AD18: 0.82 | AF18: 0.96 | AH18: =AD18*AF18 -> 0.7872
AD19: 1.33 | AF19: 0.48 | AH19: =AD19*AF19 -> 0.6384
AD20: 0.87 | AF20: 1 | AH20: =AD20*AF20 -> 0.87
AD21: 0.87 | AF21: 1 | AH21: =AD21*AF21 -> 0.87
X22: SUB TOTAL | AH22: =ROUND(SUM(AH11:AH21),2) -> 9.04
A23: Reviso y aprobo Unidad Ejecutora:
A25: ING. JULIO CESAR DELGADO ALARCON.
A26: SECRETARIO DE PLANEACION Y OBRAS PUBLICAS
A28: Proyectó y Digitó:
A29: =+PRESUPUESTO!A27 -> Ing. Alder Rivera Romero Prof. Apoyo Cps No 155-2026

Sheet 5.0 AIRE ACO
A1: MEMORIAS DE CALCULO CANTIDADES DE OBRA
A5: OBJETO DEL PROYECTO | I5: =PRESUPUESTO!A7 -> OBJETO: “MEJORAMIENTO Y ADECUACIÓN DE LA INFRAESTRUCTURA ARTÍSTICA Y CULTURAL EN EL MUNICIPIO DE CRAVO NORTE, ARAUCA”
A6: UNIDAD GESTORA | I6: SECRETARIA DE PLANEACION Y OBRAS PUBLICAS MUNICIPAL | X6: CAPITULO:
A8: SUBCAPÍTULO | Q8: ÍTEM No. | U8: =PRESUPUESTO!A15 -> 5 | X8: =PRESUPUESTO!B15 -> AIRE ACONDICIONADO TIPO SPLIT 12000 BTU-(Incluye suministro e instalación) | AF8: UNID. | AH8: =PRESUPUESTO!C15 -> UND
X9: UBICACIÓN | AD9: CANTTIDAD | AH9: CANTIDAD TOTAL
X11: ADMINISTRACION | AD11: 1 | AH11: =AD11 -> 1
X12: SUB TOTAL | AH12: =ROUND(SUM(AH11:AH11),2) -> 1
A13: Reviso y aprobo Unidad Ejecutora:
A15: ING. JULIO CESAR DELGADO ALARCON.
A16: SECRETARIO DE PLANEACION Y OBRAS PUBLICAS
A19: Proyectó y Digitó:
A20: =+PRESUPUESTO!A27 -> Ing. Alder Rivera Romero Prof. Apoyo Cps No 155-2026
